[ AOE2 MATCH · #506188607 ]
UnrankedKoreans vs Wu
Player's team · WIN
Rival team · LOSS
[ REPLAY ANALYSIS · EXTRACTED FROM THE RECORDED GAME ]
Feudal
13:18
Castle
21:13
Imperial
31:19
| APM avg | 35.0 |
| APM peak | 68 |
| eAPM avg | 25.6 |
| Villagers / military | 130 / 44 |
Focus
⚔️ 34.6% · 🌾 65.4%
War Wagon ×27 · Fishing Ship ×14 · Iron Pagoda ×9 · Trebuchet (Packed) ×7 · Monk ×1
Feudal
13:39
Castle
17:34
Imperial
—
| APM avg | 35.9 |
| APM peak | 71 |
| eAPM avg | 24.5 |
| Villagers / military | 95 / 7 |
Focus
⚔️ 33.8% · 🌾 66.2%
Unknown (1968) ×35 · Unknown (1974) ×33 · Battering Ram ×6 · Monk ×1
Match map
Initial resources + every placement click. Lines = walls · curves = elevation contours. ◆ gold · ⬟ stone · ● berries · ✦ relic · ◌ wall gap
Your base· ✓ Closed at 21:13 · 25t walls · no gate
JoshDomestique's base· ✓ Closed at 17:34 · 32t walls · 1 gate(s)
Smoothed initial terrain · ◌ = detected wall gap · hover for details
Inputs per minute
— ask - - JoshDomestique
Build order — ask
First 150 of 347 actions detected
| 0:01 | Create | Villager (Male) |
| 0:01 | Research | Loom |
| 0:02 | Build | House |
| 0:17 | Create | Villager (Male) |
| 0:17 | Create | Villager (Male) |
| 0:17 | Create | Villager (Male) |
| 0:17 | Create | Villager (Male) |
| 0:29 | Build | House |
| 1:57 | Build | Palisade Wall |
| 2:06 | Create | Villager (Male) |
| 2:33 | Create | Villager (Male) |
| 2:33 | Create | Villager (Male) |
| 2:42 | Build | Palisade Wall |
| 3:03 | Build | Palisade Wall |
| 3:04 | Create | Villager (Male) |
| 3:32 | Build | Lumber Camp |
| 3:35 | Create | Villager (Male) |
| 3:35 | Create | Villager (Male) |
| 3:59 | Create | Villager (Male) |
| 3:59 | Create | Villager (Male) |
| 4:25 | Create | Villager (Male) |
| 4:28 | Build | House |
| 4:46 | Create | Villager (Male) |
| 4:46 | Create | Villager (Male) |
| 5:05 | Create | Villager (Male) |
| 5:06 | Create | Villager (Male) |
| 5:31 | Build | Palisade Wall |
| 5:43 | Create | Villager (Male) |
| 5:58 | Build | House |
| 5:59 | Create | Villager (Male) |
| 6:06 | Create | Villager (Male) |
| 6:08 | Build | Palisade Wall |
| 6:26 | Create | Villager (Male) |
| 6:45 | Create | Villager (Male) |
| 6:54 | Build | Palisade Wall |
| 7:11 | Build | Palisade Wall |
| 7:13 | Build | Palisade Wall |
| 7:19 | Create | Villager (Male) |
| 7:38 | Create | Villager (Male) |
| 7:58 | Build | House |
| 8:25 | Build | House |
| 8:31 | Create | Villager (Male) |
| 8:31 | Create | Villager (Male) |
| 8:54 | Build | Dock |
| 9:27 | Create | Villager (Male) |
| 9:33 | Create | Fishing Ship |
| 9:53 | Create | Villager (Male) |
| 9:57 | Build | Lumber Camp |
| 10:10 | Create | Villager (Male) |
| 10:19 | Create | Fishing Ship |
| 10:20 | Create | Fishing Ship |
| 10:37 | Create | Villager (Male) |
| 10:46 | Research | Feudal Age |
| 10:46 | Research | Feudal Age |
| 10:50 | Create | Fishing Ship |
| 11:06 | Build | Mill |
| 11:28 | Build | Mining Camp |
| 11:35 | Create | Fishing Ship |
| 11:35 | Create | Fishing Ship |
| 11:48 | Build | House |
| 12:10 | Build | Mining Camp |
| 12:13 | Create | Fishing Ship |
| 12:34 | Build | Mill |
| 12:44 | Create | Fishing Ship |
| 13:13 | Build | House |
| 13:13 | Create | Villager (Male) |
| 13:18 | Age | Feudal Age |
| 13:22 | Build | Watch Tower |
| 13:34 | Research | Double-Bit Axe |
| 13:34 | Research | Double-Bit Axe |
| 13:38 | Research | Tech 906 |
| 13:39 | Research | Tech 906 |
| 13:42 | Research | Town Watch |
| 13:42 | Research | Town Watch |
| 14:08 | Create | Villager (Male) |
| 14:25 | Create | Villager (Male) |
| 14:29 | Create | Fishing Ship |
| 14:29 | Create | Fishing Ship |
| 14:40 | Build | Watch Tower |
| 14:53 | Create | Villager (Male) |
| 15:06 | Create | Fishing Ship |
| 15:11 | Create | Villager (Male) |
| 15:25 | Create | Villager (Male) |
| 15:40 | Build | Stone Wall |
| 15:46 | Build | Stone Wall |
| 15:51 | Create | Villager (Male) |
| 15:56 | Build | Stone Wall |
| 15:59 | Build | Stone Wall |
| 16:11 | Build | Fish Trap |
| 16:18 | Build | House |
| 16:22 | Build | Fish Trap |
| 16:23 | Create | Villager (Male) |
| 16:28 | Build | Stone Wall |
| 16:54 | Create | Villager (Male) |
| 17:30 | Create | Villager (Male) |
| 17:32 | Build | Blacksmith |
| 17:43 | Create | Villager (Male) |
| 17:57 | Build | Market |
| 18:33 | Research | Castle Age |
| 18:44 | Research | Fletching |
| 18:45 | Research | Fletching |
| 18:50 | Build | Fish Trap |
| 18:52 | Build | Fish Trap |
| 18:53 | Build | Fish Trap |
| 18:53 | Build | Fish Trap |
| 19:15 | Research | Stone Mining |
| 19:29 | Build | Fish Trap |
| 19:45 | Build | Lumber Camp |
| 20:00 | Build | Watch Tower |
| 21:13 | Age | Castle Age |
| 21:20 | Create | Villager (Male) |
| 21:37 | Build | Stone Wall |
| 21:40 | Research | Bow Saw |
| 21:40 | Research | Bow Saw |
| 21:41 | Research | Bow Saw |
| 21:41 | Create | Villager (Male) |
| 21:44 | Research | Gillnets |
| 21:44 | Research | Gillnets |
| 21:49 | Build | Town Center |
| 21:56 | Build | Stone Wall |
| 22:01 | Build | Stone Wall |
| 22:11 | Build | Stone Wall |
| 22:21 | Build | House |
| 22:23 | Create | Villager (Male) |
| 22:29 | Build | Stone Wall |
| 22:36 | Build | Stone Wall |
| 22:44 | Build | Town Center |
| 22:53 | Build | Stone Wall |
| 22:58 | Build | Stone Wall |
| 22:59 | Create | Villager (Male) |
| 23:01 | Create | Villager (Male) |
| 23:05 | Research | Horse Collar |
| 23:05 | Research | Horse Collar |
| 23:08 | Build | Farm |
| 23:09 | Build | Farm |
| 23:09 | Build | Farm |
| 23:11 | Build | Farm |
| 23:12 | Create | Villager (Male) |
| 23:12 | Create | Villager (Male) |
| 23:16 | Create | Fishing Ship |
| 23:16 | Create | Fishing Ship |
| 23:30 | Build | Fish Trap |
| 23:39 | Build | Farm |
| 23:43 | Create | Villager (Male) |
| 23:44 | Build | House |
| 23:50 | Create | Villager (Male) |
| 23:51 | Create | Villager (Male) |
| 23:56 | Create | Villager (Male) |
| 24:00 | Create | Villager (Male) |
| 24:00 | Create | Villager (Male) |
Build order — JoshDomestique
First 150 of 294 actions detected
| 0:00 | Create | Villager (Male) |
| 0:01 | Create | Villager (Male) |
| 0:02 | Build | House |
| 0:03 | Build | House |
| 0:08 | Create | Villager (Male) |
| 0:08 | Create | Villager (Male) |
| 0:51 | Research | Loom |
| 0:53 | Create | Villager (Male) |
| 0:57 | Create | Villager (Male) |
| 1:47 | Create | Villager (Male) |
| 2:29 | Build | Palisade Wall |
| 2:32 | Create | Villager (Male) |
| 2:45 | Build | Lumber Camp |
| 2:50 | Build | Palisade Wall |
| 2:52 | Build | Palisade Wall |
| 2:53 | Build | Palisade Wall |
| 2:59 | Build | Palisade Wall |
| 3:02 | Build | Palisade Wall |
| 3:05 | Build | Palisade Wall |
| 3:07 | Build | Palisade Wall |
| 3:12 | Create | Villager (Male) |
| 3:39 | Create | Villager (Male) |
| 3:39 | Create | Villager (Male) |
| 3:58 | Create | Villager (Male) |
| 4:32 | Create | Villager (Male) |
| 4:59 | Create | Villager (Male) |
| 5:00 | Create | Villager (Male) |
| 5:01 | Build | House |
| 5:21 | Build | Palisade Wall |
| 5:22 | Build | Palisade Wall |
| 5:24 | Build | Palisade Wall |
| 5:26 | Build | Palisade Wall |
| 5:28 | Build | Palisade Wall |
| 5:31 | Build | Palisade Wall |
| 5:39 | Create | Villager (Male) |
| 5:52 | Create | Villager (Male) |
| 5:56 | Create | Villager (Male) |
| 6:20 | Create | Villager (Male) |
| 6:20 | Create | Villager (Male) |
| 6:38 | Create | Villager (Male) |
| 6:39 | Create | Villager (Male) |
| 7:04 | Create | Villager (Male) |
| 7:11 | Build | Mill |
| 7:48 | Create | Villager (Male) |
| 8:08 | Build | Palisade Wall |
| 8:10 | Build | Palisade Wall |
| 8:13 | Build | House |
| 8:25 | Create | Villager (Male) |
| 8:43 | Build | Mill |
| 9:00 | Create | Villager (Male) |
| 9:04 | Create | Villager (Male) |
| 9:14 | Create | Villager (Male) |
| 9:21 | Create | Villager (Male) |
| 9:30 | Build | Palisade Gate |
| 9:55 | Build | House |
| 10:08 | Create | Villager (Male) |
| 10:32 | Build | House |
| 10:39 | Build | House |
| 10:45 | Create | Villager (Male) |
| 10:48 | Build | House |
| 11:05 | Build | House |
| 11:26 | Research | Feudal Age |
| 11:31 | Build | Lumber Camp |
| 12:06 | Create | Villager (Male) |
| 12:19 | Build | Mining Camp |
| 12:36 | Create | Villager (Male) |
| 13:01 | Create | Villager (Male) |
| 13:39 | Age | Feudal Age |
| 13:41 | Build | Stone Wall |
| 13:42 | Create | Villager (Male) |
| 13:50 | Build | Market |
| 13:51 | Build | Blacksmith |
| 14:07 | Build | Stone Wall |
| 14:11 | Build | Stone Wall |
| 14:36 | Build | House |
| 14:47 | Research | Castle Age |
| 15:02 | Build | Watch Tower |
| 15:44 | Create | Villager (Male) |
| 15:50 | Build | Mining Camp |
| 16:15 | Research | Stone Mining |
| 16:20 | Research | Double-Bit Axe |
| 16:41 | Create | Villager (Male) |
| 17:02 | Build | Mining Camp |
| 17:10 | Research | Fletching |
| 17:13 | Research | Horse Collar |
| 17:23 | Create | Villager (Male) |
| 17:34 | Age | Castle Age |
| 18:11 | Create | Villager (Male) |
| 18:12 | Build | Farm |
| 18:20 | Create | Villager (Male) |
| 18:42 | Build | House |
| 19:13 | Build | Farm |
| 19:14 | Build | Farm |
| 19:19 | Build | Farm |
| 19:39 | Build | Castle |
| 20:04 | Create | Villager (Male) |
| 20:04 | Create | Villager (Male) |
| 20:20 | Build | House |
| 20:28 | Build | House |
| 20:51 | Build | House |
| 20:53 | Create | Villager (Male) |
| 20:57 | Build | House |
| 21:14 | Create | Villager (Male) |
| 21:18 | Create | Villager (Male) |
| 21:22 | Create | Unit 1968 |
| 21:22 | Create | Unit 1968 |
| 21:34 | Build | Lumber Camp |
| 21:55 | Create | Unit 1968 |
| 21:56 | Create | Unit 1968 |
| 21:57 | Create | Villager (Male) |
| 22:11 | Build | House |
| 22:18 | Build | Lumber Camp |
| 22:21 | Create | Unit 1968 |
| 22:21 | Create | Unit 1968 |
| 22:25 | Create | Unit 1968 |
| 22:37 | Create | Villager (Male) |
| 22:37 | Create | Villager (Male) |
| 22:48 | Build | Farm |
| 22:48 | Build | Farm |
| 22:48 | Build | Farm |
| 22:49 | Build | Farm |
| 22:49 | Build | Farm |
| 22:58 | Create | Villager (Male) |
| 23:00 | Create | Unit 1968 |
| 23:19 | Create | Unit 1968 |
| 23:27 | Create | Villager (Male) |
| 23:47 | Create | Unit 1968 |
| 23:55 | Create | Villager (Male) |
| 23:55 | Create | Villager (Male) |
| 23:58 | Build | Farm |
| 24:00 | Build | Farm |
| 24:13 | Create | Unit 1968 |
| 24:13 | Create | Unit 1968 |
| 24:25 | Create | Villager (Male) |
| 24:27 | Build | Farm |
| 24:37 | Build | Monastery |
| 24:39 | Create | Unit 1968 |
| 24:40 | Create | Unit 1968 |
| 24:40 | Create | Unit 1968 |
| 24:47 | Create | Villager (Male) |
| 25:07 | Build | Castle |
| 25:07 | Create | Villager (Male) |
| 25:07 | Create | Villager (Male) |
| 25:15 | Create | Unit 1968 |
| 25:21 | Create | Villager (Male) |
| 25:21 | Create | Villager (Male) |
| 25:31 | Create | Villager (Male) |
| 25:31 | Create | Villager (Male) |
| 25:33 | Build | Farm |
| 25:34 | Build | Farm |
Match timeline
| 1:57 | ask · wall_segment Palisade Wall x7 |
| 2:29 | JoshDomestique · wall_segment Palisade Wall x7 |
| 2:42 | ask · wall_segment Palisade Wall x1 |
| 2:50 | JoshDomestique · wall_segment Palisade Wall x1 |
| 2:52 | JoshDomestique · wall_segment Palisade Wall x1 |
| 2:53 | JoshDomestique · wall_segment Palisade Wall x1 |
| 2:59 | JoshDomestique · wall_segment Palisade Wall x1 |
| 3:02 | JoshDomestique · wall_segment Palisade Wall x1 |
| 3:03 | ask · wall_segment Palisade Wall x1 |
| 3:05 | JoshDomestique · wall_segment Palisade Wall x1 |
| 3:07 | JoshDomestique · wall_segment Palisade Wall x1 |
| 5:21 | JoshDomestique · wall_segment Palisade Wall x1 |
| 5:22 | JoshDomestique · wall_segment Palisade Wall x1 |
| 5:24 | JoshDomestique · wall_segment Palisade Wall x1 |
| 5:26 | JoshDomestique · wall_segment Palisade Wall x1 |
| 5:28 | JoshDomestique · wall_segment Palisade Wall x1 |
| 5:31 | ask · wall_segment Palisade Wall x1 |
| 5:31 | JoshDomestique · wall_segment Palisade Wall x1 |
| 6:08 | ask · wall_segment Palisade Wall x1 |
| 6:54 | ask · wall_segment Palisade Wall x1 |
| 7:11 | ask · wall_segment Palisade Wall x1 |
| 7:13 | ask · wall_segment Palisade Wall x1 |
| 8:08 | JoshDomestique · wall_segment Palisade Wall x1 |
| 8:10 | JoshDomestique · wall_segment Palisade Wall x1 |
| 8:54 | ask · first_building Dock |
| 13:18 | ask · age_up feudal |
| 13:39 | JoshDomestique · age_up feudal |
| 13:41 | JoshDomestique · wall_segment Stone Wall x8 |
| 14:07 | JoshDomestique · wall_segment Stone Wall x2 |
| 14:11 | JoshDomestique · wall_segment Stone Wall x4 |
| 15:40 | ask · wall_segment Stone Wall x9 |
| 15:46 | ask · wall_segment Stone Wall x1 |
| 15:56 | ask · wall_segment Stone Wall x1 |
| 15:59 | ask · wall_segment Stone Wall x1 |
| 16:28 | ask · wall_segment Stone Wall x1 |
| 17:34 | JoshDomestique · age_up castle |
| 18:10 | JoshDomestique · first_market_buy 100 food |
| 18:36 | ask · first_market_buy 100 food |
| 18:41 | ask · first_market_sell 100 stone |
| 19:39 | JoshDomestique · first_building Castle |
| 21:13 | ask · age_up castle |
| 21:37 | ask · wall_segment Stone Wall x11 |
| 21:56 | ask · wall_segment Stone Wall x1 |
| 22:01 | ask · wall_segment Stone Wall x7 |
| 22:11 | ask · wall_segment Stone Wall x2 |
| 22:29 | ask · wall_segment Stone Wall x2 |
| 22:36 | ask · wall_segment Stone Wall x1 |
| 22:53 | ask · wall_segment Stone Wall x5 |
| 22:58 | ask · wall_segment Stone Wall x6 |
| 23:37 | JoshDomestique · first_market_sell 100 stone |
| 24:37 | JoshDomestique · first_building Monastery |
| 26:59 | ask · first_building Castle |
| 27:53 | ask · first_building Monastery |
| 28:24 | ask · wall_segment Stone Wall x5 |
| 29:17 | ask · first_building Siege Workshop |
| 31:19 | ask · age_up imperial |
| 31:58 | JoshDomestique · first_building Siege Workshop |
| 32:03 | JoshDomestique · first_building Barracks |
| 38:44 | JoshDomestique · resign |
[ AI ANALYSIS · 1 CREDIT ]
What really happened in this match?
Wolo.gg analyzes every decision: build order, eco, micro, common mistakes by bracket. Personalized analysis on WhatsApp or Discord in 30 seconds.
Civ guide
Koreans
Perfil
Jugador #4450310